 Dungeon Crawl Stone Soup version 0.23-a0-183-gf37f6fb (webtiles) character file.

9215 Felrender the Fighter (level 11, -20/84 (85) HPs)
             Began as a Minotaur Fighter on Sept 22, 2018.
             Was a Priest of Wu Jian.
             Demolished by a stone giant (26 damage)
             ... on level 2 of the Orcish Mines.
             The game lasted 00:24:41 (8876 turns).

Felrender the Fighter (Minotaur Fighter)            Turns: 8876, Time: 00:24:41

HP:   -20/84 (85)   AC: 22    Str: 30    XL:     11   Next: 20%
MP:   10/10         EV: 11    Int:  1    God:    Wu Jian [***...]
Gold: 771           SH:  0    Dex: 16    Spells: 10/10 levels left

rFire    . . .     SeeInvis .   z - +4 great sword (curse)
rCold    + + +     Gourm    .   (shield currently unavailable)
rNeg     + . .     Faith    .   q - +5 chain mail of Generosity {rPois rC++}
rPois    +         Spirit   .   (helmet restricted)
rElec    .         Reflect  .   r - +0 cloak
rCorr    .         Harm     .   A - +0 pair of gloves of Bitterness {rC+} (curse)
MR       .....                  (no boots)
Stlth    ..........             (no amulet)
HPRegen  0.64/turn              o - ring of positive energy
MPRegen  0.12/turn              u - ring "Ronatyur" {AC+4 Str+8 Int-5 Dex+5}

@: no status effects
A: retaliatory headbutt, horns 2, frail 1, regeneration 1
a: Wall Jump, Serpent's Lash, Renounce Religion


You were on level 2 of the Orcish Mines.
You worshipped Wu Jian.
Wu Jian was most pleased with you.
You were not hungry.

You visited 2 branches of the dungeon, and saw 12 of its levels.
You visited the Abyss 1 time.

You collected 771 gold pieces.

Inventory:

Hand Weapons
 a - a +1 long sword
 j - a +1 dire flail of protection
 k - the +0 rapier "Bymuy" {freeze, MP+9 Str+3 Stlth+}
   (You found it on level 6 of the Dungeon)

   It has been specially enchanted to freeze those struck by it, causing extra
   injury to most foes and up to half again as much damage against particularly
   susceptible opponents.
   It can also slow down cold-blooded creatures.
   It affects your strength (+3).
   It affects your magic capacity (+9).
   It makes you more stealthy.
 v - a +3 battleaxe
 z - a cursed +4 great sword (weapon)
 C - a +2 falchion of holy wrath
 G - a +1 broad axe of electrocution
Armour
 c - a +0 shield
 h - a scarf of cloud immunity
 m - a +1 scale mail of cold resistance
 q - the +5 chain mail of Generosity (worn) {rPois rC++}
   (You found it on level 7 of the Dungeon)

   It greatly protects you from cold.
   It protects you from poison.
 r - a +0 cloak (worn)
 A - the cursed +0 pair of gloves of Bitterness (worn) {rC+}
   (You found it on level 9 of the Dungeon)

   It protects you from cold.
   It has a curse placed upon it.
Magical Staves
 s - a cursed staff of death {unknown}
Jewellery
 o - a ring of positive energy (left hand)
 u - the ring "Ronatyur" (right hand) {AC+4 Str+8 Int-5 Dex+5}
   (You found it on level 6 of the Dungeon)

   [ring of protection]

   It affects your AC (+4).
   It affects your strength (+8).
   It affects your intelligence (-5).
   It affects your dexterity (+5).
 x - an uncursed ring of protection from fire
Wands
 b - a wand of paralysis (4)
 e - a wand of acid (12)
 p - a wand of polymorph (13)
 D - a wand of iceblast (10)
Scrolls
 i - a scroll of fog
 t - 4 scrolls of teleportation
 y - 4 scrolls of magic mapping
 H - a scroll of amnesia
Potions
 d - a potion of might
 g - 3 potions of flight
 l - a potion of magic {unknown}
 n - 2 potions of ambrosia
 w - a potion of agility {unknown}
 B - a potion of brilliance {unknown}
 J - a potion of haste
Miscellaneous
 E - a fan of gales
 K - a fan of gales
Comestibles
 f - 22 rations


   Skills:
 * Level 8.8 Fighting
 + Level 7.2(8.9) Short Blades
 - Level 8.7(10.0) Long Blades
 * Level 8.7 Armour
 + Level 4.1 Dodging
 - Level 2.0 Stealth
 + Level 8.7 Shields
 - Level 8.6 Unarmed Combat


You had 10 spell levels left.
You didn't know any spells.
Your spell library contained the following spells:

 Spells                   Type           Power        Failure   Level  Hunger
 Magic Dart               Conj           #...         96%         1    ##.....
 Blink                    Tloc           N/A          99%         2    ###....
 Call Imp                 Summ           #.......     99%         2    ###....
 Corpse Rot               Necr           N/A          99%         2    ###....
 Slow                     Hex            #.......     99%         2    ###....
 Conjure Flame            Conj/Fire      #.......     100%        3    ####...
 Mephitic Cloud           Conj/Pois/Air  #.......     100%        3    ####...
 Stone Arrow              Conj/Erth      #.....       100%        3    ####...
 Leda's Liquefaction      Hex/Erth       #.........   100%        4    #####..
 Summon Forest            Summ/Tloc      #.........   100%        5    ######.
 Hydra Form               Tmut           #.........   100%        6    #######
 Summon Hydra             Summ           #.........   100%        7    #######


Dungeon Overview and Level Annotations

Branches:
Dungeon (10/15)            Temple (0/1) D:4             Orc (2/2) D:10
   Lair: D:8-11         Elf: Orc:2

Altars:
Cheibriados
Elyvilon
Gozag
Hepliaklqana
Kikubaaqudgha
Makhleb
Okawaru
Ru
Sif Muna
Trog
Uskayaw
Vehumet
Wu Jian

Shops:
D:9 (

Annotations:
D:7 Prince Ribbit


Innate Abilities, Weirdness & Mutations

You reflexively headbutt those who attack you in melee.
You have a pair of horns on your head.
You are frail. (-10% HP)
Your natural rate of healing is unusually fast.


Message History

The tomahawk hits you but does no damage.
You see here a tomahawk.
The orc throws a tomahawk.
The tomahawk barely misses you.
You see here a tomahawk.
The stone giant throws a large rock.
The large rock hits you!!
* * * LOW HITPOINT WARNING * * *
You see here a large rock.
The orc throws a tomahawk.
The tomahawk hits you but does no damage.
You see here a tomahawk.
The orc shouts!
The orc throws a tomahawk.
The tomahawk closely misses you. The stone giant hits you!
* * * LOW HITPOINT WARNING * * *
You spin and attack the orc.
You slice the orc!!
You kill the orc!
The Council accepts your kill.
There is a stone staircase leading up here.
The stone giant hits you!!
You die...

# #... .## ##..# ..#
##...##.# ### ##......####
##..##.
##.......(#.##.......
###...........o..........
##............oC@....# #.
#....(..((...[.#........
#...................##.#
##.##.#...........##...###.
##.##.#.......#...........
#.(.......................
.#.................<.....#
...........................
.#.##......................


You could see a stone giant, an orc warrior and an orc.

Vanquished Creatures
  Erolcha (D:9)
  A hydra (D:8)
  Pikel (D:5)
  An ugly thing (D:10)
  Maurice (D:8)
  Psyche (D:8)
  2 trolls
  A hippogriff (D:9)
  2 dream sheep (D:8)
  11 yaks
  A hungry ghost (D:10)
  2 ice beasts
  2 sky beasts (D:9)
  4 orc warriors
  2 necrophages
  3 centaurs
  4 ogres
  4 big kobolds
  3 bullfrogs
  A wyvern skeleton (D:8)
  A scorpion (D:9)
  5 wights (D:7)
  3 howler monkeys
  4 crimson imps
  A bullfrog zombie (D:8)
  An iron imp (D:8)
  3 jellies
  4 orc priests
  2 centaur skeletons
  6 hounds
  4 iguanas
  8 orc wizards
  4 worker ants
  A hound zombie (D:6)
  2 worker ant zombies
  Robin (D:2)
  8 adders
  5 shadow imps
  An ooze (D:1)
  2 adder skeletons
  An adder zombie (D:7)
  3 dart slugs
  5 leopard geckos
  39 orcs
  6 bats
  5 giant cockroaches
  13 goblins
  8 hobgoblins
  14 jackals
  8 kobolds
  A ball python (D:5)
  6 frilled lizards
  4 rats (D:1)
227 creatures vanquished.

Vanquished Creatures (others)
  An orc priest (D:5)
  Ijyb (D:5)
  An orc (D:9)
3 creatures vanquished.

Grand Total: 230 creatures vanquished

Notes
Turn   | Place    | Note
-------+----------+-------------------------------------------
     0 | D:1      | Felrender the Minotaur Fighter began the quest for the Orb.
     0 | D:1      | Reached XP level 1. HP: 19/19 MP: 0/0
   235 | D:1      | Reached XP level 2. HP: 20/27 MP: 1/1
   769 | D:1      | Reached XP level 3. HP: 28/33 MP: 2/2
  1120 | D:2      | Noticed Robin
  1186 | D:2      | Killed Robin
  1186 | D:2      | Reached XP level 4. HP: 39/40 MP: 3/3
  1431 | D:2      | Found a sacrificial altar of Ru.
  1545 | D:2      | Found an ancient bone altar of Kikubaaqudgha.
  1545 | D:2      | Found an ornate altar of the Wu Jian Council.
  1549 | D:2      | Became a worshipper of the Wu Jian Council
  1910 | D:3      | Reached skill level 1 in Unarmed Combat
  1942 | D:3      | Found an opulent altar of Gozag.
  1995 | D:3      | Reached skill level 1 in Dodging
  1995 | D:3      | Reached XP level 5. HP: 45/46 MP: 4/4
  2549 | D:4      | Found an iron altar of Okawaru.
  2568 | D:4      | Noticed a hand axe
  2568 | D:4      | Noticed an enchanted hand axe
  2570 | D:4      | Reached * piety under Wu Jian
  2571 | D:4      | Found a hide-covered altar of Uskayaw.
  2633 | D:4      | Reached XP level 6. HP: 55/55 MP: 5/5
  2661 | D:4      | Gained mutation: You are frail. (-10% HP) [potion of
                  | mutation]
  2661 | D:4      | Gained mutation: Your natural rate of healing is unusually
                  | fast. [potion of mutation]
  2890 | D:4      | Found a staircase to the Ecumenical Temple.
  3112 | D:5      | Entered Level 5 of the Dungeon
  3198 | D:5      | Noticed a slave
  3216 | D:5      | Noticed Pikel
  3217 | D:5      | Noticed a slave
  3219 | D:5      | Noticed a slave
  3226 | D:5      | Noticed a slave
  3240 | D:5      | Killed Pikel
  3240 | D:5      | Reached skill level 5 in Fighting
  3240 | D:5      | Reached skill level 5 in Long Blades
  3240 | D:5      | Reached skill level 5 in Armour
  3240 | D:5      | Reached skill level 5 in Shields
  3240 | D:5      | Reached XP level 7. HP: 31/54 MP: 6/6
  3339 | D:5      | Noticed Ijyb
  3344 | D:5      | Killed Ijyb
  3840 | D:6      | Got a jewelled rapier
  3841 | D:6      | Identified the cursed +0 rapier "Bymuy" {freeze, MP+9 Str+3
                  | Stlth+} (You found it on level 6 of the Dungeon)
  4025 | D:6      | Reached XP level 8. HP: 57/61 MP: 7/7
  4037 | D:6      | Got a glittering copper ring
  4039 | D:6      | Identified the ring "Ronatyur" {AC+4 Str+8 Int-5 Dex+5}
                  | (You found it on level 6 of the Dungeon)
  4040 | D:6      | Lost intelligence.
  4261 | D:6      | Found a bloodstained altar of Trog.
  4391 | D:7      | Reached skill level 1 in Short Blades
  4565 | D:7      | Noticed Prince Ribbit
  4906 | D:7      | Got a spiked chain mail
  5475 | D:7      | Reached ** piety under Wu Jian
  5475 | D:7      | Reached skill level 5 in Unarmed Combat
  5613 | D:8      | Reached XP level 9. HP: 62/66 MP: 8/8
  5811 | D:8      | Found a burning altar of Makhleb.
  5885 | D:8      | Found a radiant altar of Vehumet.
  5888 | D:8      | Found a white marble altar of Elyvilon.
  5888 | D:8      | Found a hazy altar of Hepliaklqana.
  5891 | D:8      | Found a deep blue altar of Sif Muna.
  6055 | D:8      | Reached skill level 5 in Short Blades
  6132 | D:8      | Noticed a two-headed hydra
  6139 | D:8      | Killed a two-headed hydra
  6201 | D:8      | Identified the +5 chain mail of Generosity {rPois rC++}
                  | (You found it on level 7 of the Dungeon)
  6299 | D:8      | Reached XP level 10. HP: 74/74 MP: 9/9
  6322 | D:8      | Noticed Psyche
  6327 | D:8      | Killed Psyche
  6343 | D:8      | Noticed Maurice
  6352 | D:8      | Killed Maurice
  6433 | D:8      | Found a snail-covered altar of Cheibriados.
  7152 | D:9      | Reached skill level 1 in Stealth
  7228 | D:9      | Found Nots's Weapon Shop.
  7434 | D:9      | Reached *** piety under Wu Jian
  7445 | D:9      | Noticed Erolcha
  7454 | D:9      | Cast into level 2 of the Abyss (Erolcha)
  7475 | D:9      | Escaped the Abyss
  7479 | D:9      | Killed Erolcha
  7841 | D:9      | Got a pair of warped gloves
  7847 | D:9      | Identified the cursed +0 pair of gloves of Bitterness {rC+}
                  | (You found it on level 9 of the Dungeon)
  7965 | D:10     | Entered Level 10 of the Dungeon
  7993 | D:10     | Noticed a red ugly thing
  8009 | D:10     | Killed a red ugly thing
  8209 | D:10     | Reached XP level 11. HP: 83/83 MP: 10/10
  8421 | D:10     | Found a staircase to the Orcish Mines.
  8720 | Orc:1    | Entered Level 1 of the Orcish Mines
  8826 | Orc:2    | Entered Level 2 of the Orcish Mines
  8848 | Orc:2    | Noticed a stone giant
  8871 | Orc:2    | HP: 2/84 [stone giant (15)]
  8876 | Orc:2    | Demolished by a stone giant

Vault maps used:
D:1:      lightli_arrival_farm, st_stairs_8
D:2:      nicolae_ru_awakened_eye, gammafunk_temple_overflow_wave, uniq_robin
D:3:      grunt_gozag_statues, first_ration
D:4:      dancing_weapons_uskayaw, temple_pool_b, okawaru_ov_weapons_minmay
D:5:      uniq_pikel, uniq_ijyb
D:6:      lightli_temple_of_fire, minivault_11, minivault_27
D:7:      roderic_lattice_a, uniq_prince_ribbit1
D:8:      old_standard_altar, slow_altar_2, grunt_temple_overflow_open,
          minivault_26, hangedman_ranch, uniq_maurice, uniq_psyche
D:9:      serial_shops, nicolae_shop_stone, serial_bayou_pond_c, uniq_erolcha
D:10:     orc_0_dummy
Orc:1:    hangedman_minor_magic
Orc:2:    st_orc_ogre_mass, serial_shops, shop, uniq_donald

Skill      XL: |  1  2  3  4  5  6  7  8  9 10 11 |
---------------+----------------------------------+-----
Shields        | 4 5 6 7 8 |  8.7
Fighting       | 4 5 6 7 8 |  8.8
Armour         | 4 5 6 7 8 |  8.7
Long Blades    | 3 4 5 6 8 |  8.7
Unarmed Combat | 1 2 3 5 7 8 |  8.6
Dodging        | 1 2 3 4 |  4.1
Short Blades   | 4 6 7 |  7.2
Stealth        | 2 |  2.0

Action                   |  1- 3 |  4- 6 |  7- 9 | 10-12 || total
-------------------------+-------+-------+-------+-------++-------
Melee: Long sword        |   112 |   177 |    43 |       ||   332
       Headbutt          |    14 |    28 |    63 |    52 ||   157
       Rapier            |       |       |   253 |       ||   253
       Great sword       |       |       |     2 |   180 ||   182
Invok: Lunge             |       |     8 |    15 |    15 ||    38
       Whirlwind         |       |     3 |    26 |    25 ||    54
       Wall Jump         |       |       |     2 |     7 ||     9
       Serpent's Lash    |       |       |       |     1 ||     1
Evoke: Wand              |       |       |       |     2 ||     2
  Use: Scroll            |     4 |     8 |    12 |     3 ||    27
       Potion            |       |     2 |     3 |       ||     5
 Stab: Paralysed         |       |       |       |     4 ||     4
  Eat: Ration            |     1 |     1 |     1 |     3 ||     6
       Chunk             |       |     1 |     7 |     2 ||    10
Armor: Scale mail        |    46 |    68 |    58 |       ||   172
       Chain mail        |       |       |       |   103 ||   103
Dodge: Dodged            |    28 |    43 |    52 |    88 ||   211
Block: Shield            |    66 |    51 |       |       ||   117
       Large shield      |       |    70 |   190 |       ||   260
       Rpst.: Long sword |     7 |    11 |     2 |       ||    20
       Great sword       |       |       |     1 |    21 ||    22

Table legend:
 A = Non-vault XP
 B = Vault XP
 C = Vault XP percentage of total XP
 D = Non-vault monster count
 E = Vault monster count
 F = Vault count percentage of total count
                 A         B        C        D         E       F
            +---------+---------+-------+---------+---------+-------
      Total |    8389 |    4776 |  36.3 |     202 |      25 |  11.0
            +---------+---------+-------+---------+---------+-------
        D:1 |      51 |       7 |  12.1 |      30 |       1 |   3.2
        D:2 |      62 |      32 |  34.0 |       8 |      10 |  55.6
        D:3 |     148 |       2 |   1.3 |      22 |       1 |   4.3
        D:4 |     184 |       0 |   0.0 |      15 |       0 |   0.0
        D:5 |      98 |     629 |  86.5 |       6 |       1 |  14.3
        D:6 |     367 |       0 |   0.0 |      11 |       0 |   0.0
        D:7 |    1191 |       0 |   0.0 |      27 |       0 |   0.0
        D:8 |    1004 |    3133 |  75.7 |      19 |      11 |  36.7
        D:9 |    2202 |     973 |  30.6 |      26 |       1 |   3.7
       D:10 |    2463 |       0 |   0.0 |      28 |       0 |   0.0
      Orc:1 |     616 |       0 |   0.0 |       9 |       0 |   0.0
      Orc:2 |       3 |       0 |   0.0 |       1 |       0 |   0.0
            +---------+---------+-------+---------+---------+-------
